 Dungeon Crawl Stone Soup version 0.21.1-1-g345015fe64 (webtiles) character file.

81 Oravi the Shield-Bearer (level 4, -10/31 HPs)
             Began as a Halfling Fighter on Mar 24, 2018.
             Mangled by asdpro's ghost (11 damage)
             ... on level 3 of the Dungeon.
             The game lasted 00:10:41 (1597 turns).

Oravi the Shield-Bearer (Halfling Fighter)          Turns: 1597, Time: 00:10:42

Health: -10/31     AC:  8    Str: 17    XL:     4   Next: 67%
Magic:  4/4        EV:  9    Int:  6    God:
Gold:   98         SH: 10    Dex: 14    Spells: 3/3 levels left

rFire    . . .     SeeInvis .   a - +0 rapier
rCold    . . .     Gourm    .   c - +0 shield
rNeg     . . .     Faith    .   n - +0 scale mail
rPois    .         Spirit   .   (no helmet)
rElec    .         Reflect  .   (no cloak)
rCorr    .         Harm     .   o - +0 pair of gloves
MR       .....                  (no boots)
Stlth    ..........             i - amulet of rage
HPRegen  0.10/turn              (no ring)
MPRegen  0.09/turn              (no ring)

@: about to teleport
A: small, mutation resistance 1
a: Evoke Berserk Rage


You were on level 3 of the Dungeon.
You were not hungry.

You visited 1 branch of the dungeon, and saw 3 of its levels.

You collected 98 gold pieces.

Inventory:

Hand Weapons
 a - a +0 rapier (weapon)
 b - a +0 hunting sling
Missiles
 g - 27 stones (quivered)
Armour
 c - a +0 shield (worn)
 n - a +0 scale mail (worn)
 o - a +0 pair of gloves (worn)
 s - a +0 plate armour
 u - a +0 chain mail
Jewellery
 i - an amulet of rage (around neck)
Scrolls
 e - 3 scrolls of teleportation
 j - a scroll of fog {unknown}
 m - a scroll of enchant armour {unknown}
 p - 3 scrolls of remove curse {unknown}
 v - a scroll of amnesia {unknown}
 w - a scroll of random uselessness {unknown}
Potions
 d - a potion of might
 h - 3 potions of brilliance {unknown}
 k - 2 potions of curing {unknown}
 q - a potion of mutation {unknown}
 r - 2 potions of berserk rage {unknown}
 t - a potion of haste {unknown}
Comestibles
 f - 3 rations
 l - 2 chunks of flesh


   Skills:
 + Level 3.0 Fighting
 + Level 3.1 Short Blades
 * Level 2.8 Slings
 + Level 3.7 Armour
 + Level 0.3 Dodging
 + Level 3.8 Shields


You had 3 spell levels left.
You didn't know any spells.

Dungeon Overview and Level Annotations

Branches:
Dungeon (3/15)

Altars:
Ru

Annotations:
D:3 asdpro's ghost, amateur MiFi


Innate Abilities, Weirdness & Mutations

You are small and have problems with some larger weapons.
You are somewhat resistant to further mutation.


Message History

You are too injured to fight recklessly!
You are too injured to fight recklessly!
You are too injured to fight recklessly!
You hit asdpro's ghost.
Asdpro's ghost is lightly damaged.
The quokka bites you. The quokka barely misses you.
You block asdpro's ghost's attack.
As you read the scroll labeled ORUYTS UPLUELI, it crumbles to dust.
You feel strangely unstable.
It was a scroll of teleportation.
The quokka bites you. x2
* * * LOW HITPOINT WARNING * * *
Asdpro's ghost hits you!
* * * LOW HITPOINT WARNING * * *
You are too injured to fight recklessly!
You are too injured to fight recklessly!
You are too injured to fight recklessly!
You closely miss the quokka.
The quokka bites you but does no damage.
You block the quokka's attack. Asdpro's ghost hits you!
You die...

.(......##
#.(..?.... .
#........ ..
#.......# ##.#.
##....... ......
......#.###...##.
#.............
##.##rW......) #
#@#..#####
#r#.W.# [...#.#
##(###.# #.# .
#(# . #.# .# #.#


You could see asdpro's ghost and 2 quokkas.

Vanquished Creatures
  3 adders
  An ooze (D:1)
  2 dart slugs (D:1)
  2 leopard geckos (D:1)
  An orc (D:2)
  6 giant cockroaches
  2 hobgoblins (D:1)
  4 jackals
  2 quokkas (D:2)
  A ball python (D:2)
  9 frilled lizards
  2 goblins
  5 kobolds
  4 rats
44 creatures vanquished.

Notes
Turn   | Place    | Note
-------+----------+-------------------------------------------
     0 | D:1      | Oravi the Halfling Fighter began the quest for the Orb.
     0 | D:1      | Reached XP level 1. HP: 15/15 MP: 1/1
    57 | D:1      | Reached XP level 2. HP: 18/20 MP: 2/2
   384 | D:1      | Reached XP level 3. HP: 25/25 MP: 3/3
   789 | D:2      | Reached skill level 1 in Slings
  1042 | D:2      | Reached XP level 4. HP: 31/31 MP: 4/4
  1348 | D:2      | Found a sacrificial altar of Ru.
  1589 | D:3      | Noticed asdpro's ghost (amateur MiFi)
  1596 | D:3      | HP: 1/31 [asdpro's ghost (7)]
  1597 | D:3      | Mangled by asdpro's ghost

Skill      XL: |  1  2  3  4 |
---------------+-------------+-----
Short Blades   | 3 |  3.1
Fighting       | 3 |  3.0
Slings         | 1 2 |  2.8
Armour         | |  3.7
Dodging        | |  0.3
Shields        | |  3.8

Action                   |  1- 3 |  4- 6 || total
-------------------------+-------+-------++-------
Melee: Rapier            |    61 |    21 ||    82
 Fire: Hunting sling     |    35 |    33 ||    68
  Use: Scroll            |       |     1 ||     1
  Eat: Chunk             |       |     2 ||     2
Armor: Scale mail        |    29 |     7 ||    36
Dodge: Dodged            |    23 |    11 ||    34
Block: Shield            |    18 |    19 ||    37
